 Dungeon Crawl Stone Soup version 0.27.1 (webtiles) character file.

Game seed: 14596123495300401520

926 r3algoood the Ruffian (level 7, -6/67 HPs)
             Began as a Troll Fighter on Aug 31, 2021.
             Mangled by a black bear (9 damage)
             ... on level 4 of the Dungeon.
             The game lasted 00:07:12 (2915 turns).

r3algoood the Ruffian (Troll Fighter)               Turns: 2915, Time: 00:07:13

Health: -6/67      AC:  4    Str: 27    XL:     7   Next: 85%
Magic:  6/6        EV:  8    Int:  4    God:
Gold:   179        SH:  9    Dex:  9    Spells: 6/6 levels left

rFire    . . .     SeeInvis .   w - +2 flail (protect)
rCold    . . .     Faith    .   b - +0 kite shield
rNeg     . . .     Spirit   .   a - +0 robe
rPois    .         Reflect  .   (helmet restricted)
rElec    .         Harm     .   (no cloak)
rCorr    .         Rampage  .   (gloves unavailable)
Will     .....                  (boots unavailable)
Stlth    +.........             (no amulet)
HPRegen  1.21/turn              (no ring)
MPRegen  0.10/turn              (no ring)

@: no status effects
A: large, unfitting armour, claws 3, regeneration 1, shaggy fur 1, tough skin 1
a: no special abilities


You were on level 4 of the Dungeon.
You visited 1 branch of the dungeon, and saw 4 of its levels.

You collected 179 gold pieces.

Inventory:

Hand Weapons
 t - the +6 scythe of Greatest Utility {pain, rF+ rN+ Int-4}
   (You found it on level 4 of the Dungeon)

   In the hands of one skilled in necromantic magic, it inflicts extra damage on
   living creatures.
   Int:       It affects your intelligence (-4).
   rF:        It protects you from fire.
   rN:        It protects you from negative energy.
 w - a +2 flail of protection (weapon)
Armour
 a - a +0 robe (worn)
 b - a +0 kite shield (worn)
Jewellery
 k - an amulet of faith
Wands
 m - a wand of iceblast (12)
Scrolls
 d - a scroll of brand weapon {unknown}
 e - a scroll of fog {unknown}
 h - a scroll of identify {unknown}
 j - a scroll of vulnerability {unknown}
 q - a scroll of blinking {unknown}
 r - a scroll of enchant weapon {unknown}
 u - 2 scrolls of teleportation {unknown}
 v - a scroll of acquirement {unknown}
Potions
 c - a potion of might
 f - 2 potions of mutation {unknown}
 g - 2 potions of heal wounds {unknown}
 i - a potion of haste {unknown}
 l - a potion of curing {unknown}
 n - a potion of magic {unknown}
 o - a potion of brilliance {unknown}
 p - a potion of invisibility {unknown}
 s - a potion of ambrosia {unknown}


   Skills:
 + Level 3.5 Fighting
 + Level 0.4 Maces & Flails
 + Level 2.2 Polearms
 + Level 4.2 Dodging
 + Level 0.8 Stealth
 + Level 3.7 Shields
 + Level 5.6 Unarmed Combat


You had 6 spell levels left.
You didn't know any spells.
Your spell library contained the following spells:

 Spells                   Type           Power      Damage    Failure   Level
 Slow                     Hex            0%         N/A       95%         2
 Confusing Touch          Hex            0%         N/A       99%         3
 Portal Projectile        Hex/Tloc       0%         N/A       99%         3
 Vampiric Draining        Necr           0%         2d6       99%         3
 Blade Hands              Tmut           0%         N/A       100%        5
 Excruciating Wounds      Necr           0%         N/A       100%        5
 Irradiate                Conj/Tmut      0%         3d13      100%        5
 Dragon Form              Tmut           0%         N/A       100%        7


Dungeon Overview and Level Annotations

Branches:
Dungeon (4/15)             Temple (0/1) D:4

Altars:
Vehumet
The Shining One

Shops:
D:1 :   D:3 *


Innate Abilities, Weirdness & Mutations

You are too large for most types of armour.
You have claws for hands.
Your natural rate of healing is unusually fast.
You are covered in fur. (AC +1)
You have tough skin. (AC +1)


Message History

Unknown command.
You are too injured to fight recklessly!
Unknown command.
You are too injured to fight recklessly!
Unknown command.
You are too injured to fight recklessly!
Unknown command.
You barely miss the black bear.
The black bear is almost dead.
You block the black bear's attack.
The black bear claws you but does no damage. x2
You block the orc warrior's attack. The black bear barely misses you.
The black bear claws you but does no damage.
You block the black bear's attack. You block the orc warrior's attack.
Unknown command.
The black bear barely misses you.
The black bear claws you but does no damage.
The black bear barely misses you.
You barely miss the black bear.
The black bear is almost dead.
The black bear bites you!
The black bear claws you but does no damage.
The black bear claws you.
* * * LOW HITPOINT WARNING * * *
The black bear closely misses you. The black bear claws you.
* * * LOW HITPOINT WARNING * * *
The black bear closely misses you.
You barely miss the black bear.
The black bear is almost dead.
The black bear bites you!
* * * LOW HITPOINT WARNING * * *
You block the black bear's attack. The black bear claws you.
* * * LOW HITPOINT WARNING * * *
The black bear bites you but does no damage.
You block the black bear's attack. The black bear claws you.
* * * LOW HITPOINT WARNING * * *
You closely miss the black bear.
The black bear is almost dead.
The black bear bites you!
You die...

#.................
######.###.#...........
................#......
####.####.....####...#......
....#".##...##..#..........
...#...##.##...#.......... #
#.##..o#.#...##..##.#####
#.###..##gJ#.#).##...##.#
#.......###h@.###....##.#
#........8...........#
##...###...###...##..# #..##
+#.#†.##..##..# #.##.###.##
#.#...##.....# #........#
##.##...#..#.## #####.##.#
##...##..#).#.#
#.##.####.....####..#.######
#.##................#.##....


You could see a black bear (berserk), an endoplasm and a goblin.

Vanquished Creatures
  Sigmund (D:4)
  Edmund (D:4)
  2 ogres
  Dowan (D:4)
  A hound (D:4)
  2 iguanas (D:4)
  2 orc wizards (D:4)
  A hound skeleton (D:4)
  5 gnolls
  6 adders
  An adder skeleton (D:4)
  A dart slug (D:2)
  13 orcs
  5 ball pythons
  5 bats
  8 endoplasms
  3 giant cockroaches
  11 goblins
  7 hobgoblins
  4 jackals
  7 kobolds
  2 quokkas
  2 frilled lizards
  4 rats
95 creatures vanquished.

Vanquished Creatures (others)
  Duvessa (D:4)
1 creature vanquished.

Grand Total: 96 creatures vanquished

Notes
Turn   | Place    | Note
-------+----------+-------------------------------------------
     0 | D:1      | r3algoood the Troll Fighter began the quest for the Orb.
     0 | D:1      | Reached XP level 1. HP: 22/22 MP: 0/0
    13 | D:1      | Found Juxkee's Book Boutique.
    36 | D:1      | Found a faded altar of an unknown god.
   125 | D:1      | Reached XP level 2. HP: 26/29 MP: 1/1
   209 | D:1      | Reached XP level 3. HP: 36/36 MP: 2/2
   942 | D:2      | Reached XP level 4. HP: 44/44 MP: 3/3
  1483 | D:3      | Found a glowing golden altar of the Shining One.
  1550 | D:3      | Reached skill level 3 in Unarmed Combat
  1592 | D:3      | Noticed an ogre
  1599 | D:3      | Killed an ogre
  1600 | D:3      | Reached XP level 5. HP: 35/52 MP: 4/4
  1662 | D:3      | Found Ykoudyprom's General Store.
  1868 | D:4      | Reached skill level 4 in Unarmed Combat
  1917 | D:4      | Reached XP level 6. HP: 58/59 MP: 5/5
  1922 | D:4      | Found a staircase to the Ecumenical Temple.
  2016 | D:4      | Found a radiant altar of Vehumet.
  2118 | D:4      | Noticed Dowan
  2121 | D:4      | Noticed Sigmund
  2122 | D:4      | Noticed Duvessa
  2132 | D:4      | Killed Sigmund
  2133 | D:4      | Reached skill level 5 in Unarmed Combat
  2135 | D:4      | Killed Duvessa
  2136 | D:4      | Reached XP level 7. HP: 23/67 MP: 6/6
  2145 | D:4      | Killed Dowan
  2293 | D:4      | Identified the +6 scythe of Greatest Utility {pain, rF+ rN+
                  | Int-4}
  2300 | D:4      | Lost intelligence.
  2649 | D:4      | Reached skill level 1 in Polearms
  2727 | D:4      | Noticed Edmund
  2738 | D:4      | Killed Edmund
  2914 | D:4      | HP: 3/67 [black bear (3)]
  2914 | D:4      | HP: 1/67 [black bear (2)]
  2915 | D:4      | Mangled by a black bear

Illustrated notes

Levels and vault maps discovered:
D:1:      amcnicky_arrival_double_pillar, layout_loops_cross, serial_shops,
          nicolae_shop_crystal, hellmonk_ecumenical_altar_blasted
D:2:      layout_loops_ring, hangedman_decor_riveting, minivault_24
D:3:      layout_rooms, nicolae_tso_swordbearing_angel, serial_shops,
          nicolae_shop_stone, hex_large
D:4:      cheibrodos_barr_body, layout_loops_ring,
          mainiacjoe_overflow_concentric_impassable,
          minmay_temple_entry_statues_pillars, kennysheep_nondescript,
          sigmund_edmund_badplayer, uniq_crazy_yiuf_cottage, uniq_duvessa

Skill      XL: |  1  2  3  4  5  6  7 |
---------------+----------------------+-----
Shields        | 3 |  3.7
Dodging        | 3 4 |  4.2
Unarmed Combat | 3 4 5 |  5.6
Fighting       | 3 |  3.5
Polearms       | 2 |  2.2
Maces & Flails | |  0.4
Stealth        | |  0.8

Action                   |  1- 3 |  4- 6 |  7- 9 || total
-------------------------+-------+-------+-------++-------
Melee: Unarmed           |    86 |   100 |    10 ||   196
       Scythe            |       |       |    60 ||    60
       Flail             |       |       |    29 ||    29
 Stab: Sleeping          |     1 |       |     1 ||     2
Armor: Robe              |    31 |    13 |    59 ||   103
Dodge: Dodged            |    25 |    38 |   100 ||   163
Block: Kite shield       |    47 |    38 |    32 ||   117
